 Dungeon Crawl Stone Soup version 0.29.1-1-gd02db6906a (webtiles) character file.

Game seed: 16471548609354170912

2 Mune the Grave Robber (level 1, -1/13 HPs)
             Began as a Mummy Necromancer on Oct 14, 2022.
             Slain by a dart slug (2 damage)
             ... on level 1 of the Dungeon.
             The game lasted 00:00:53 (87 turns).

Mune the Grave Robber (Mummy Necromancer)             Turns: 87, Time: 00:00:53

Health: -1/13      AC:  2    Str: 11    XL:     1   Next: 25%
Magic:  3/4        EV: 12    Int: 14    God:
Gold:   13         SH:  0    Dex: 12    Spells: 4/5 levels left

rFire   x . .      SeeInvis .   e - +2 short sword (drain)
rCold   + . .      Faith    .   (no shield)
rNeg    + + +      Spirit   .   a - +0 robe
rPois   ∞          Reflect  .   (no helmet)
rElec   .          Harm     .   (no cloak)
rCorr   .          Rampage  .   (no gloves)
Will    .....                   (no boots)
Stlth   ++........              (no amulet)
HPRegen 0.04/turn               (no ring)
MPRegen 0.09/turn               (no ring)

@: no status effects
A: cold resistance 1, negative energy resistance 3, torment resistance 2, heat
vulnerability 1, no potions
a: no special abilities


You were on level 1 of the Dungeon.
You visited 1 branch of the dungeon, and saw 1 of its levels.

You collected 13 gold pieces.

Inventory:

Hand Weapons
 d - a +0 club
 e - a +2 short sword of draining (weapon)
Armour
 a - a +0 robe (worn)
 c - a +0 chain mail
Scrolls
 b - 2 scrolls of identify {unknown}
 f - a scroll of immolation {unknown}
 g - a scroll of noise {unknown}


   Skills:
 + Level 1.5 Dodging
 + Level 1.5 Stealth
 + Level 2.6 Spellcasting
 + Level 4.1 Necromancy


You had 4 spell levels left.
You knew the following spells:

 Your Spells              Type           Power      Damage    Failure   Level
a - Necrotise             Necr           52%        1d6       4%          1

Your spell library contained the following spells:

 Spells                   Type           Power      Damage    Failure   Level
 Vampiric Draining        Necr           13%        2d6       12%         3
 Animate Dead             Necr           13%        N/A       38%         4
 Agony                    Necr           13%        N/A       75%         5


Dungeon Overview and Level Annotations

Branches:
Dungeon (1/15)

Altars:


Innate Abilities, Weirdness & Mutations

You are immune to poison.
Your flesh is cold resistant. (rC+)
You are immune to negative energy. (rN+++)
You are immune to unholy pain and torment.
You are vulnerable to heat. (rF-)
You do not drink.


Message History

The dart slug launches a dart at you. The slug dart hits you.
The ball python hisses angrily.
You see here a ring of protection from fire.
Casting: Necrotise (safe; 4% risk of failure)
Confirm with . or Enter, or press ? or * to list all spells.
You don't know that spell.
Casting: Necrotise (safe; 4% risk of failure)
Confirm with . or Enter, or press ? or * to list all spells.
Aiming: Necrotise (safe; 4% risk of failure)
Press: ? - help, Shift-Dir - straight line, f - ball python
Aim: a ball python (chance to affect: 83%)
You miscast Necrotise.
You are very lightly contaminated with residual magic.
Nothing appears to happen.
The ball python barely misses you. x2
You closely miss the ball python.
The ball python bites you but does no damage.
The ball python barely misses you.
You hit the ball python.
You kill the ball python!
You barely miss the dart slug. The dart slug closely misses you.
You hit the dart slug.
The dart slug is moderately wounded.
The dart slug closely misses you.
You hit the dart slug.
The dart slug is heavily wounded.
Your magical contamination has completely faded away.
You hit the dart slug but do no damage.
The dart slug is heavily wounded.
The dart slug bites you.
You hit the dart slug but do no damage.
The dart slug is heavily wounded.
The dart slug launches a dart at you. The slug dart hits you.
* * * LOW HITPOINT WARNING * * *
You hit the dart slug.
The dart slug is almost dead.
The dart slug bites you.
You die...

######### #.......#
####...$...#######
.................#
......w@=........#
.................#
.................+
.................######
..?...####.............
...... #........####.
###### #........####
###.#.........
######.#.#########


You could see a dart slug.

Vanquished Creatures
  A goblin (D:1)
  A ball python (D:1)
2 creatures vanquished.

Notes
Turn   | Place    | Note
-------+----------+-------------------------------------------
     0 | D:1      | Mune the Mummy Necromancer began the quest for the Orb.
     0 | D:1      | Reached XP level 1. HP: 13/13 MP: 4/4
    87 | D:1      | Slain by a dart slug

Illustrated notes

Levels and vault maps discovered:
D:1:      dpeg_arrival_pits, layout_basic,
          hellmonk_ecumenical_altar_inner_sanctum, serial_shops, shop,
          st_stairs_1, minmay_octomino_j4

Action                   || total
-------------------------++-------
Melee: Short sword       ||     8
       Unarmed           ||     5
Armor: Robe              ||     1
Dodge: Dodged            ||     9
